 Dungeon Crawl Stone Soup version 0.29.1-15-g9cfb28693d (webtiles) character file.

Game seed: 15541509023610933669

24460 firemarshallily the Warrior (level 12, -10/186 HPs)
             Began as a Minotaur Wanderer on Mar 15, 2023.
             Was an Initiate of Gozag.
             Mangled by Snorg (16 damage)
             ... on level 12 of the Dungeon.
             The game lasted 00:50:40 (17014 turns).

firemarshallily the Warrior (Minotaur Wanderer)    Turns: 17014, Time: 00:50:42

Health: -10/186    AC: 26    Str: 17    XL:     12   Next: 80%
Magic:  0/11       EV:  2    Int:  6    God:    Gozag
Gold:   1147       SH:  0    Dex: 18    Spells: 11/11 levels left

rFire   + . .      SeeInvis .   U - +5 sword of Power {vorpal}
rCold   . . .      Faith    .   (shield currently unavailable)
rNeg    . . .      Spirit   +   (body armour currently unavailable)
rPois   +          Reflect  .   (helmet unavailable)
rElec   .          Harm     .   (cloak currently unavailable)
rCorr   .          Rampage  .   (gloves currently unavailable)
Will    .....      NoTele   +   (boots currently unavailable)
Stlth   ++........              u - amulet of guardian spirit
HPRegen 0.41/turn               p - ring of flight
MPRegen 0.12/turn               y - ring of protection from fire

@: tree-form, gold aura
A: stationary, stasis, torment immunity, boosted hp, (horns 3), (retaliatory
headbutt), mutation resistance 1
a: Renounce Religion, Potion Petition, Call Merchant, Bribe Branch


You were on level 12 of the Dungeon.
You worshipped Gozag.
Gozag was most pleased with you.
You were a tree.
You visited 1 branch of the dungeon, and saw 12 of its levels.
You also visited: Sewer and Bailey.

You collected 2823 gold pieces.
You spent 1578 gold pieces at shops.
You paid 98 gold pieces to Gozag.

Inventory:

Hand Weapons
 b - a +0 sling
 R - a +1 long sword of holy wrath
 U - the +5 sword of Power (weapon) {vorpal}
   (You bought it in a shop on level 3 of the Dungeon)

   It inflicts extra damage upon your enemies.
   It occasionally discharges a powerful but inaccurate bolt of energy upon
   striking a foe, with increased chance the greater the wielder's current
   health.
 W - the +6 short sword of Terra Nullius {venom, Fly rCorr Str+2 Stlth+}
   (You found it on level 12 of the Dungeon)

   It poisons the flesh of those it strikes.
   Str:       It affects your strength (+2).
   Fly:       It grants you flight.
   rCorr:     It protects you from acid and corrosion.
   Stlth:     It makes you more stealthy.
Missiles
 s - 32 poisoned darts (quivered)
 z - a throwing net
 B - 5 atropa-tipped darts
 M - 5 boomerangs
 N - 5 curare-tipped darts
Armour
 c - a +2 cloak (melded)
 e - a +0 leather armour
 m - a +0 pair of gloves (melded)
 D - a +0 ring mail (melded)
 G - a +0 pair of boots (melded)
Jewellery
 k - a +6 ring of intelligence
 p - a ring of flight (left branch)
 u - an amulet of guardian spirit (around neck)
 y - a ring of protection from fire (right branch)
 H - a ring of fire
 O - a ring of positive energy
 S - a ring of protection from cold
Wands
 l - a wand of polymorph (5)
 n - a wand of roots (12)
 F - a wand of mindburst (10)
 V - a wand of paralysis (4)
Scrolls
 f - 9 scrolls of teleportation
 h - 2 scrolls of immolation
 q - 2 scrolls of butterflies
 r - 2 scrolls of summoning
 t - a scroll of magic mapping
 x - 4 scrolls of fear
 A - a scroll of silence
 P - a scroll of vulnerability
Potions
 d - a potion of cancellation
 g - 5 potions of magic
 i - 3 potions of mutation
 j - 7 potions of haste
 o - a potion of resistance
 v - 6 potions of invisibility
 w - 2 potions of might
 C - a potion of brilliance
 K - 3 potions of curing
 L - 3 potions of attraction
 T - 6 potions of ambrosia


   Skills:
 * Level 16.7 Fighting
 * Level 16.3 Long Blades
 - Level 4.7 Ranged Weapons
 + Level 11.1 Armour
 - Level 2.1 Dodging


You had 11 spell levels left.
You didn't know any spells.
Your spell library contained the following spells:

 Spells                   Type           Power      Damage    Failure   Level
 Apportation              Tloc           0%         N/A       45%         1
 Magic Dart               Conj           0%         1d3       45%         1
 Necrotise                Necr           0%         1d4       45%         1
 Shock                    Conj/Air       0%         1d3       45%         1
 Summon Small Mammal      Summ           0%         N/A       45%         1
 Call Imp                 Summ           0%         N/A       58%         2
 Searing Ray              Conj           0%         2d4       58%         2
 Sublimation of Blood     Necr           0%         N/A       58%         2
 Wereblood                Tmut           0%         N/A       58%         2
 Call Canine Familiar     Summ           0%         N/A       83%         3
 Gell's Gravitas          Tloc           0%         N/A       83%         3
 Mephitic Cloud           Conj/Pois/Air  0%         N/A       83%         3
 Stone Arrow              Conj/Erth      0%         3d7       83%         3
 Summon Guardian Golem    Hex/Summ       0%         N/A       83%         3
 Swiftness                Air            0%         N/A       83%         3
 Teleport Other           Tloc           0%         N/A       83%         3
 Airstrike                Air            0%         2d(0-16)  99%         4
 Animate Armour           Summ/Erth      0%         N/A       99%         4
 Fulminant Prism          Conj/Hex       0%         3d6       99%         4
 Hailstorm                Conj/Ice       0%         3d3       99%         4
 Ice Form                 Ice/Tmut       0%         N/A       99%         4
 Summon Ice Beast         Ice/Summ       0%         N/A       99%         4
 Summon Mana Viper        Hex/Summ       0%         N/A       100%        5
 Dispersal                Tloc           0%         N/A       100%        6
 Monstrous Menagerie      Summ           0%         N/A       100%        7
 Summon Hydra             Summ           0%         N/A       100%        7
 Lehudib's Crystal Spear  Conj/Erth      0%         10d2      100%        8
 Simulacrum               Ice/Necr       Unusable   N/A       N/A         6

Dungeon Overview and Level Annotations

Branches:
Dungeon (12/15)            Temple (0/1) D:6            Lair (0/5) D:10
    Orc (0/2) D:9           Sewer (visited)          Bailey (visited)

Altars:
Ashenzari
Gozag
Nemelex Xobeh
Trog
Yredelemnul

Shops:
D:3 *   D:7 !

Portals:
Trove: D:10 (give 7 scrolls of blinking)

Annotations:
D:7 2 transporters
D:9 exclusion: moth of wrath
D:12 Snorg


Innate Abilities, Weirdness & Mutations

You are a tree.
Your roots penetrate the ground, keeping you stationary.
You cannot be teleported.
You are immune to unholy pain and torment.
Your maximum health is greatly increased.
Your equipment is partially melded.
((You have a pair of large horns on your head.))
((You reflexively headbutt those who attack you in melee.))
You are somewhat resistant to further mutation.


Message History

You slash the very large slime creature!
You kill the very large slime creature!
Snorg rages.
The slime creature hits you but does no damage.
Snorg bites you!! Snorg claws you but does no damage. Snorg closely misses you.
You slice Snorg!! You headbutt Snorg, but do no damage.
Snorg is moderately wounded.
The slime creature hits you but does no damage.
The slime creature barely misses you. Snorg bites you.
* * * LOW HITPOINT WARNING * * *
Snorg closely misses you. Snorg claws you but does no damage.
You slice Snorg!!
Snorg is heavily wounded.
The slime creature hits you.
* * * LOW HITPOINT WARNING * * *
Snorg bites you!
* * * LOW HITPOINT WARNING * * *
Snorg claws you but does no damage. Snorg misses you.
The slime creature barely misses you.
You feel much better. Snorg bites you! Snorg closely misses you.
Snorg claws you but does no damage. The slime creature closely misses you.
You furiously retaliate!
You headbutt the slime creature!
The slime creature hits you but does no damage.
Snorg bites you!
* * * LOW HITPOINT WARNING * * *
Snorg claws you!
* * * LOW HITPOINT WARNING * * *
Snorg claws you.
* * * LOW HITPOINT WARNING * * *
Okay, then.
Really quaff the potion of lignification?
You turn into a tree.
Your +2 cloak melds into your body.
Your +0 pair of gloves melds into your body.
Your +0 pair of boots melds into your body.
Your +0 ring mail melds into your body.
Your roots penetrate the ground.
The slime creature hits you!
* * * LOW HITPOINT WARNING * * *
Snorg bites you!
You die...
Your body crumbles into a pile of gold.

... #'#
#.# #.#
#.##
#..##
#####
##..#
.....
##T##
.....
#♣J#
.....
##J#
.....
#.#
.....
#.#####
.....
#.....#
#####
#####>#
. #.#
## #.#
#.#


You could see Snorg (berserk) and 2 slime creatures.

Vanquished Creatures
  2 vault guards (Bailey)
  A hydra (D:12)
  6 two-headed ogres
  3 death yaks
  A slime creature (D:12)
  5 skeletal warriors
  A cyclops (D:12)
  An unseen horror (D:12)
  A queen bee (D:11)
  2 hornets
  Prince Ribbit (Bailey)
  A wyvern (D:6)
  A shadow (D:11)
  26 yaks
  6 humans (Bailey)
  6 wraiths
  3 vampire mosquitoes (D:12)
  An acid dragon (D:12)
  2 water moccasins
  2 orc warriors
  A black bear (D:3)
  4 ice beasts
  2 ogres (D:5)
  2 centaurs
  5 kobold brigands
  2 gnoll sergeants
  13 bullfrogs
  5 scorpions
  19 wights
  31 killer bees
  6 howler monkeys
  A jelly (D:7)
  5 hounds
  6 orc priests
  A gnoll bouda (D:6)
  4 iguanas
  11 orc wizards
  21 gnolls
  7 adders
  A shadow imp (D:5)
  4 ufetubi
  3 worms
  37 orcs
  4 endoplasms
  5 giant cockroaches
  16 goblins
  19 hobgoblins
  2 jackals (D:1)
  32 kobolds
  5 quokkas
  10 ball pythons
  7 bats
  8 frilled lizards
  16 rats
387 creatures vanquished.

Vanquished Creatures (others)
  A fungus (Sewer)
1 creature vanquished.

Grand Total: 388 creatures vanquished

Notes
Turn   | Place    | Note
-------+----------+-------------------------------------------
     0 | D:1      | firemarshallily the Minotaur Wanderer began the quest for
                  | the Orb.
     0 | D:1      | firemarshallily set off with the following items: a +2
                  | falchion, a +0 sling, a +0 cloak, a potion of berserk rage,
                  | a +0 leather armour.
     0 | D:1      | Reached XP level 1. HP: 18/18 MP: 0/0
    60 | D:1      | Reached XP level 2. HP: 16/25 MP: 1/1
   262 | D:1      | Found a faded altar of an unknown god.
   689 | D:1      | Reached XP level 3. HP: 31/31 MP: 2/2
  1564 | D:2      | Reached XP level 4. HP: 36/40 MP: 3/3
  1951 | D:3      | Noticed a black bear
  1961 | D:3      | Killed a black bear
  1962 | D:3      | Reached skill level 5 in Fighting
  1962 | D:3      | Reached XP level 5. HP: 19/48 MP: 4/4
  2468 | D:3      | Reached XP level 6. HP: 50/57 MP: 3/5
  2712 | D:3      | Found Atitu's General Store.
  2763 | D:3      | Bought a scroll of identify for 24 gold pieces
  2763 | D:3      | Bought a potion of might for 48 gold pieces
  2763 | D:3      | Bought a scroll of teleportation for 36 gold pieces
  2763 | D:3      | Bought a scroll of identify for 24 gold pieces
  2763 | D:3      | Bought a scroll of identify for 24 gold pieces
  3411 | D:4      | Reached skill level 5 in Long Blades
  3411 | D:4      | Reached skill level 1 in Armour
  3932 | D:4      | Found an opulent altar of Gozag.
  3932 | D:4      | Found a broken altar of Ashenzari.
  3955 | D:4      | Reached XP level 7. HP: 66/66 MP: 6/6
  4387 | D:4      | Became a worshipper of Gozag Ym Sagoz the Greedy
  4430 | D:5      | Entered Level 5 of the Dungeon
  4430 | D:5      | You are sucked into a shaft and drop 1 floor!
  4606 | D:6      | Found a staircase to the Ecumenical Temple.
  4743 | D:6      | Noticed a wyvern
  4751 | D:6      | Gained mutation: You have a pair of large horns on your
                  | head. [potion of mutation]
  4751 | D:6      | Gained mutation: You are somewhat resistant to further
                  | mutation. [potion of mutation]
  4760 | D:6      | Killed a wyvern
  5004 | D:6      | Found a glowing drain.
  5009 | Sewer    | Entered a sewer
  5064 | Sewer    | Reached XP level 8. HP: 19/75 MP: 4/7
  6308 | D:6      | Found a basalt altar of Yredelemnul.
  6315 | D:6      | Found a sparkling altar of Nemelex Xobeh.
  7634 | D:7      | Reached skill level 5 in Armour
  7634 | D:7      | Reached XP level 9. HP: 85/85 MP: 8/8
  7669 | D:7      | Reached skill level 10 in Fighting
  7761 | D:7      | Found a transporter.
  8256 | D:7      | Found a transporter.
  8313 | D:7      | Found Widdax's Distillery.
  8320 | D:7      | Bought a potion of lignification for 42 gold pieces
  8320 | D:7      | Bought a potion of haste for 140 gold pieces
  8320 | D:7      | Bought a potion of curing for 42 gold pieces
  8320 | D:7      | Bought a potion of invisibility for 112 gold pieces
  8320 | D:7      | Bought a potion of heal wounds for 70 gold pieces
  8320 | D:7      | Bought a potion of attraction for 42 gold pieces
  8320 | D:7      | Bought a potion of degeneration for 14 gold pieces
  8984 | D:8      | Noticed a two-headed ogre
  8995 | D:8      | Killed a two-headed ogre
  8996 | D:8      | Reached skill level 10 in Long Blades
  9117 | D:8      | Found a flagged portal.
  9153 | Bailey   | Entered a bailey
  9368 | Bailey   | Reached XP level 10. HP: 90/97 MP: 7/9
  9551 | Bailey   | Noticed Prince Ribbit
  9558 | Bailey   | Killed Prince Ribbit
  9559 | Bailey   | Noticed a vault guard
  9582 | Bailey   | Killed a vault guard
  9758 | Bailey   | Noticed a vault guard
  9793 | Bailey   | Killed a vault guard
 11214 | D:9      | Found a staircase to the Orcish Mines.
 11278 | D:9      | Reached XP level 11. HP: 105/107 MP: 10/10
 11566 | D:9      | Paralysed by a hornet for 3 turns
 11796 | D:9      | Found a bloodstained altar of Trog.
 11811 | D:9      | Identified the +6 war axe of Unbearable Absolution {spect,
                  | Str+5 Stlth+}
 12035 | D:9      | Noticed a two-headed ogre
 12189 | D:3      | Bought the +5 sword of Power {vorpal} for 960 gold pieces
 12189 | D:3      | Found the +5 sword of Power {vorpal}
 12350 | D:9      | Killed a two-headed ogre
 12550 | D:10     | Entered Level 10 of the Dungeon
 12870 | D:10     | Noticed a skeletal warrior
 12870 | D:10     | Found the +5 scythe "Finisher" {speed, eviscerate}
 12879 | D:10     | Killed a skeletal warrior
 13156 | D:10     | Found a portal to a secret trove of treasure.
 13199 | D:10     | Identified the +12 trident of Huesch {speed, rPois Will+}
 13237 | D:10     | Noticed a death yak
 13237 | D:10     | Noticed a death yak
 13267 | D:9      | Killed a death yak
 13415 | D:9      | Killed a death yak
 13532 | D:10     | Noticed a skeletal warrior
 13544 | D:10     | Killed a skeletal warrior
 13649 | D:10     | Noticed a skeletal warrior
 13649 | D:10     | Noticed a skeletal warrior
 13649 | D:10     | Noticed a skeletal warrior
 13664 | D:9      | Killed a skeletal warrior
 14030 | D:8      | Killed a skeletal warrior
 14031 | D:8      | Reached skill level 15 in Fighting
 14159 | D:9      | Killed a skeletal warrior
 14509 | D:10     | Found a staircase to the Lair.
 14510 | D:10     | Noticed a death yak
 14533 | D:10     | Reached XP level 12. HP: 110/121 MP: 11/11
 14539 | D:10     | Killed a death yak
 14540 | D:10     | Reached skill level 10 in Armour
 14872 | D:11     | Reached skill level 15 in Long Blades
 15137 | D:11     | Noticed a two-headed ogre
 15146 | D:11     | Killed a two-headed ogre
 15416 | D:11     | Noticed a two-headed ogre
 15425 | D:11     | Killed a two-headed ogre
 15775 | D:11     | Noticed a two-headed ogre
 15778 | D:11     | Killed a two-headed ogre
 16096 | D:12     | Noticed a two-headed ogre
 16106 | D:12     | Killed a two-headed ogre
 16415 | D:12     | Noticed a seven-headed hydra
 16426 | D:12     | Killed a 12-headed hydra
 16742 | D:12     | Identified the +6 short sword of Terra Nullius {venom, Fly
                  | rCorr Str+2 Stlth+}
 17004 | D:12     | Noticed Snorg
 17014 | D:12     | HP: 6/186 [slime creature (12)]
 17014 | D:12     | Mangled by Snorg

Illustrated notes

Levels and vault maps discovered:
D:1:      scummos_arrival_gate, layout_basic, ebering_ecumenical_altar_box,
          minmay_door_square, chequers_serial_rivers_micro_b
D:2:      kennysheep_six_static_rooms, layout_loops_ring
D:3:      layout_loops_ring, serial_shops, nicolae_shop_statue_plus
D:4:      layout_cave_pools, jmf_multi_god_temple, st_stairs_6
D:5:      nicolae_cairo_tiling_very_big, layout_basic
D:6:      wander_river, layout_basic, amethyst_overflow_temple_binary,
          minmay_temple_entry_glass, portal_sewer_entry_e
D:7:      gammafunk_cloud_chamber, layout_cave_pods, serial_shops,
          nicolae_shop_behind_doors, item_on_display_a
D:8:      layout_loops_corners, enter_bailey_5
D:9:      layout_loops_ring, tgw_trog, orc_0_dummy
D:10:     layout_basic, dpeg_lair_monsters, nicolae_trove_entry_diagonal,
          minmay_guarded_unrand_finisher
D:11:     layout_rooms, special_room [special_room_bee]
D:12:     layout_roguey, uniq_snorg

Skill      XL: |  1  2  3  4  5  6  7  8  9 10 11 12 |
---------------+-------------------------------------+-----
Fighting       | 3 4 5 6 7 8 9 11 13 15 16 | 16.7
Long Blades    | 3 4 5 7 8 10 12 14 16 | 16.3
Armour         | 1 3 5 6 8 9 11 | 11.1
Ranged Weapons | |  4.7
Dodging        | |  2.1

Action                   |  1- 3 |  4- 6 |  7- 9 | 10-12 || total
-------------------------+-------+-------+-------+-------++-------
Melee: Falchion          |    85 |   121 |   323 |   265 ||   794
       Headbutt          |    12 |    17 |    56 |   129 ||   214
       Punch             |       |     1 |     1 |     3 ||     5
       Great sword       |       |       |       |   264 ||   264
 Fire: Sling             |    11 |     8 |       |       ||    19
Throw: Dart              |       |       |    10 |     9 ||    19
       Boomerang         |       |       |       |     4 ||     4
  Use: Scroll            |       |     8 |     8 |     5 ||    21
       Potion            |       |       |     9 |     4 ||    13
 Stab: Sleeping          |     1 |     1 |     1 |       ||     3
       Distracted        |       |       |     1 |     3 ||     4
Armor: Leather armour    |    23 |    35 |    97 |       ||   155
       Skin              |       |       |    53 |       ||    53
       Ring mail         |       |       |    30 |   195 ||   225
Dodge: Dodged            |    54 |    64 |   150 |   236 ||   504
